Workbook

Sheet June 2016
A1: Check Number | D1: Check Date | E1: Vendor Name | F1: Transaction Amount | R1: Description | S1: Account Name | T1: Department | U1: Division | V1: Object of Expenditure | X1: Project Number
A2: 438802 | D2: 42535 | E2: BOB TOMES FORD | F2: 764.1 | R2: BLANKET PURCHASE ORDER | S2: AUTO MAINTENANCE | T2: EQUIPMENT SERVICES | U2: EQUIP SERV-SHARED | V2: BLANKET PURCHASE ORDER
F8: -236.52 | R8: INV# 5476808 | S8: AUTO MAINTENANCE | T8: EQUIPMENT SERVICES | U8: EQUIP SERV-SHARED | V8: INV# 5476808
F9: -236.52 | R9: INV# 5477680 | S9: AUTO MAINTENANCE | T9: EQUIPMENT SERVICES | U9: EQUIP SERV-SHARED | V9: INV# 5477680
F10: -28.6 | R10: INV# 5486475 | S10: AUTO MAINTENANCE | T10: EQUIPMENT SERVICES | U10: EQUIP SERV-SHARED | V10: INV# 5486475
A11: 439320 | D11: 42549 | F11: 1493.93 | R11: BLANKET PURCHASE ORDER | S11: AUTO MAINTENANCE | T11: EQUIPMENT SERVICES | U11: EQUIP SERV-SHARED | V11: BLANKET PURCHASE ORDER
F17: -56.42 | R17: INV# 5439142 | S17: AUTO MAINTENANCE | T17: EQUIPMENT SERVICES | U17: EQUIP SERV-SHARED | V17: INV# 5439142
F18: -40 | R18: INV# 5461331 | S18: AUTO MAINTENANCE | T18: EQUIPMENT SERVICES | U18: EQUIP SERV-SHARED | V18: INV# 5461331
F19: -28.72 | R19: INV# 5461829 | S19: AUTO MAINTENANCE | T19: EQUIPMENT SERVICES | U19: EQUIP SERV-SHARED | V19: INV# 5461829
K21: =SUM(hList_Frame_1!B1:B18) -> 1631.25
A23: 438429 | D23: 42528 | E23: BOB BARKER COMPANY, INC | F23: 612.27 | R23: PERSONAL HYGIENE&GROOMING | S23: DETENTION SUPPLIES | T23: JUVENILE PROBATION | U23: JUV DET -ADMIN | V23: PERSONAL HYGIENE&GROOMING
A24: 438803 | D24: 42535 | F24: 7628.64 | R24: CLOTHING AND APPAREL | S24: DETENTION SUPPLIES | T24: SHERIFF'S OFFICE | U24: JAIL OPS-ADMIN | V24: CLOTHING AND APPAREL
A27: 439321 | D27: 42549 | F27: 228 | R27: CLOTHING AND APPAREL | S27: KITCHEN SUPPLIES | T27: SHERIFF'S OFFICE | U27: JAIL OPS-ADMIN | V27: CLOTHING AND APPAREL
F28: 495.36 | R28: LAUNDRY TEXTILES/SUPPLIES | S28: DETENTION SUPPLIES | T28: SHERIFF'S OFFICE | U28: JAIL OPS-ADMIN | V28: LAUNDRY TEXTILES/SUPPLIES
K30: =SUM(hList_Frame_1!B19:B24) -> 8964.27
A32: 438804 | D32: 42535 | E32: ECOLAB INC | F32: 566.4 | R32: JANITORIAL SUPPLIES-GEN. | S32: DETENTION SUPPLIES | T32: SHERIFF'S OFFICE | U32: JAIL OPS-ADMIN | V32: JANITORIAL SUPPLIES-GEN.
M34: =SUM(hList_Frame_1!B25:B25) -> 566.4
A36: 439322 | D36: 42549 | E36: MATTHEW BENDER & CO INC | F36: 113.43 | R36: MISC PROFESSIONAL SERVICE | S36: LIBRARY UPDATES | T36: BUDGET | U36: LAW LIBRARY-ADMIN | V36: MISC PROFESSIONAL SERVICE
N38: =SUM(hList_Frame_1!B26:B26) -> 113.43
A41: 438430 | D41: 42528 | E41: HEIDENHEIMER, MARK | F41: 450 | R41: 002-80587-16 | S41: COURT APPOINTED ATTORNEY | T41: COURT APPT REPRESENTATION | U41: COURT APPT REPRESENTATION | V41: 002-80587-16 | X41: IDCL2M
M43: =SUM(hList_Frame_1!B27:B27) -> 450
A45: 438805 | D45: 42535 | E45: POLLOCK PAPER DISTRIBUTORS | F45: 36 | R45: JANITORIAL SUPPLIES | S45: ELECTION SUPPLIES | T45: ELECTIONS | U45: ELECTIONS-ADMIN | V45: JANITORIAL SUPPLIES
A46: 439323 | D46: 42549 | F46: 5859 | R46: HOSPITAL SUNDRIES | S46: DETENTION SUPPLIES | T46: SHERIFF'S OFFICE | U46: JAIL OPS-ADMIN | V46: HOSPITAL SUNDRIES
F47: 90 | R47: JANITORIAL SUPPLIES-GEN. | S47: KITCHEN SUPPLIES | T47: SHERIFF'S OFFICE | U47: JAIL OPS-ADMIN | V47: JANITORIAL SUPPLIES-GEN.
K49: =SUM(hList_Frame_1!B28:B30) -> 5985
A51: 438806 | D51: 42535 | E51: THOMASON TIRE INC | F51: 171.8 | R51: BLANKET PURCHASE ORDER | S51: HEAVY EQUIPMENT REPAIR | T51: EQUIPMENT SERVICES | U51: EQUIP SERV-SHARED | V51: BLANKET PURCHASE ORDER
F54: -5 | R54: INV# 1-379498 | S54: HEAVY EQUIPMENT REPAIR | T54: EQUIPMENT SERVICES | U54: EQUIP SERV-SHARED | V54: INV# 1-379498
F55: 5 | R55: INV# 1-380134 | S55: HEAVY EQUIPMENT REPAIR | T55: EQUIPMENT SERVICES | U55: EQUIP SERV-SHARED | V55: INV# 1-380134
A56: 439324 | D56: 42549 | F56: 1654.3 | R56: AUTO/TRUCK MAINT. ITEMS | S56: RESTORATION | T56: MYERS PARK | U56: FARM MUS-ADMIN | V56: AUTO/TRUCK MAINT. ITEMS
K58: =SUM(hList_Frame_1!B31:B36) -> 1826.1
A60: 438431 | D60: 42528 | E60: WEST PUBLISHING CORPORATION | F60: 131 | R60: PUBLICATIONS/AUDIOVISUALS | S60: LIBRARY BOOKS | T60: DISTRICT COURTS | U60: 296TH DC-ADMIN | V60: PUBLICATIONS/AUDIOVISUALS
A61: 438432 | D61: 42528 | F61: 125 | R61: PUBLICATIONS/AUDIOVISUALS | S61: DUES & SUBSCRIPTIONS | T61: JUSTICES OF THE PEACE | U61: JP2-ADMIN | V61: PUBLICATIONS/AUDIOVISUALS
A62: 438433 | D62: 42528 | F62: 45 | R62: PUBLICATIONS/AUDIOVISUALS | S62: DUES & SUBSCRIPTIONS | T62: UNALLOCATED | U62: NON-DEPARTMENTAL | V62: PUBLICATIONS/AUDIOVISUALS
A63: 438807 | D63: 42535 | F63: 3091.04 | R63: BLANKET PURCHASE ORDER | S63: LIBRARY BOOKS | T63: DISTRICT ATTORNEY | U63: DA-ADMIN | V63: BLANKET PURCHASE ORDER
A64: 438808 | D64: 42535 | F64: 11853.96 | R64: BLANKET PURCHASE ORDER | S64: LIBRARY UPDATES | T64: BUDGET | U64: LAW LIBRARY-ADMIN | V64: BLANKET PURCHASE ORDER
A65: 438809 | D65: 42535 | F65: 4988.24 | R65: BLANKET PURCHASE ORDER | S65: COMMUNICATION LINE LEASE | T65: BUDGET | U65: LAW LIBRARY-ADMIN | V65: BLANKET PURCHASE ORDER
A66: 438810 | D66: 42535 | F66: 30.93 | R66: PUBLICATIONS/AUDIOVISUALS | S66: DUES & SUBSCRIPTIONS | T66: UNALLOCATED | U66: NON-DEPARTMENTAL | V66: PUBLICATIONS/AUDIOVISUALS
A67: 438811 | D67: 42535 | F67: 90 | R67: PUBLICATIONS/AUDIOVISUALS | S67: DUES & SUBSCRIPTIONS | T67: UNALLOCATED | U67: NON-DEPARTMENTAL | V67: PUBLICATIONS/AUDIOVISUALS
A69: 439325 | D69: 42549 | F69: 58 | R69: PUBLICATIONS/AUDIOVISUALS | S69: DUES & SUBSCRIPTIONS | T69: UNALLOCATED | U69: NON-DEPARTMENTAL | V69: PUBLICATIONS/AUDIOVISUALS
A70: 439326 | D70: 42549 | F70: 103 | R70: PUBLICATIONS/AUDIOVISUALS | S70: DUES & SUBSCRIPTIONS | T70: UNALLOCATED | U70: NON-DEPARTMENTAL | V70: PUBLICATIONS/AUDIOVISUALS
I73: =SUM(hList_Frame_1!B37:B48) -> 20516.17
A75: 438812 | D75: 42535 | E75: PLANO POWER EQUIPMENT | F75: 300.26 | R75: BLANKET PURCHASE ORDER | S75: GROUNDS EQUIPMENT MAINT | T75: EQUIPMENT SERVICES | U75: EQUIP SERV-SHARED | V75: BLANKET PURCHASE ORDER
A77: 439327 | D77: 42549 | F77: 536.3 | R77: BLANKET PURCHASE ORDER | S77: GROUNDS EQUIPMENT MAINT | T77: EQUIPMENT SERVICES | U77: EQUIP SERV-SHARED | V77: BLANKET PURCHASE ORDER
M80: =SUM(hList_Frame_1!B49:B52) -> 836.56
A82: 438434 | D82: 42528 | E82: GEBO CREDIT CORPORATION | F82: 39.98 | R82: BLANKET PURCHASE ORDER | S82: ANIMAL CARE | T82: ANIMAL SHELTER | U82: ANIMAL SHELTER-ADMIN | V82: BLANKET PURCHASE ORDER
S83: SMALL TOOLS | T83: PUBLIC WORKS | U83: R&B - ADMIN
A84: 439328 | D84: 42549 | F84: 147.95 | R84: BLANKET PURCHASE ORDER | S84: ANIMAL CARE | T84: ANIMAL SHELTER | U84: ANIMAL SHELTER-ADMIN | V84: BLANKET PURCHASE ORDER
S85: SMALL TOOLS | T85: PUBLIC WORKS | U85: R&B - ADMIN
M87: =SUM(hList_Frame_1!B53:B56) -> 187.93
A89: 438435 | D89: 42528 | E89: BEN E KEITH DFW | F89: 3076.42 | R89: EDIBLE FOODS, STAPLE | S89: JAIL FOOD | V89: EDIBLE FOODS, STAPLE
S90: MINIMUM SECURITY FOOD
F91: 2109.45 | R91: FOODS, PERISHABLE | S91: JAIL FOOD | V91: FOODS, PERISHABLE
S92: MINIMUM SECURITY FOOD
F93: 1081.35 | R93: FOODS, READY-TO-EAT | S93: JAIL FOOD | V93: FOODS, READY-TO-EAT
S94: MINIMUM SECURITY FOOD
A95: 438813 | D95: 42535 | F95: 2719.72 | R95: EDIBLE FOODS, STAPLE | S95: JAIL FOOD | V95: EDIBLE FOODS, STAPLE
S96: MINIMUM SECURITY FOOD
F97: 2241.64 | R97: FOODS, PERISHABLE | S97: JAIL FOOD | V97: FOODS, PERISHABLE
S98: MINIMUM SECURITY FOOD
F99: 1597.66 | R99: FOODS, READY-TO-EAT | S99: JAIL FOOD | V99: FOODS, READY-TO-EAT
S100: MINIMUM SECURITY FOOD
A101: 439330 | D101: 42549 | F101: 75.87 | R101: CAFETERIA/KITCHEN EQUIP. | S101: JAIL FOOD | V101: CAFETERIA/KITCHEN EQUIP.
S102: MINIMUM SECURITY FOOD
F103: 6783.52 | R103: EDIBLE FOODS, STAPLE | S103: JAIL FOOD | V103: EDIBLE FOODS, STAPLE
S106: MINIMUM SECURITY FOOD
F108: 4590.48 | R108: FOODS, PERISHABLE | S108: JAIL FOOD | V108: FOODS, PERISHABLE
S110: MINIMUM SECURITY FOOD
F112: 1710.44 | R112: FOODS, READY-TO-EAT | S112: JAIL FOOD | V112: FOODS, READY-TO-EAT
S114: MINIMUM SECURITY FOOD
F116: 283.96 | R116: PAPER/PLASTIC, DISPOSABLE | S116: MINIMUM SECURITY FOOD | V116: PAPER/PLASTIC, DISPOSABLE
I119: =SUM(hList_Frame_1!B57:B85) -> 26270.51
A121: 438814 | D121: 42535 | E121: ROMCO EQUIPMENT CO | F121: 1097.7 | R121: EQUIP MAINT-AGRI/AUTO/IND | S121: HEAVY EQUIPMENT REPAIR | T121: EQUIPMENT SERVICES | U121: EQUIP SERV-SHARED | V121: EQUIP MAINT-AGRI/AUTO/IND
A122: 439331 | D122: 42549 | F122: 529 | R122: BLANKET PURCHASE ORDER | S122: HEAVY EQUIPMENT REPAIR | T122: EQUIPMENT SERVICES | U122: EQUIP SERV-SHARED | V122: BLANKET PURCHASE ORDER
K124: =SUM(hList_Frame_1!B86:B87) -> 1626.7
A126: 439332 | D126: 42549 | E126: SETON IDENTIFICATION PRODUCTS | F126: 96.45 | R126: BUILDING MAINT. & REPAIR | S126: BUILDING MAINTENANCE | T126: FACILITIES & PARKS | U126: BUILD SUP-SHARED | V126: BUILDING MAINT. & REPAIR | X126: B03002
O128: =SUM(hList_Frame_1!B88:B88) -> 96.45
A130: 438436 | D130: 42528 | E130: ALFORD INSURANCE AGENCY | F130: 14.71 | R130: MISC PROFESSIONAL SERVICE | S130: SPECIAL DELIVERY SERVICE | T130: BUDGET | U130: SUPPORT SERVICES - SHARED | V130: MISC PROFESSIONAL SERVICE
A131: 439333 | D131: 42549 | F131: 284 | R131: FINANCIAL/ACCOUNTANCY SER | S131: NOTARY BONDS | T131: UNALLOCATED | U131: NON-DEPARTMENTAL | V131: FINANCIAL/ACCOUNTANCY SER
M136: =SUM(hList_Frame_1!B89:B93) -> 298.71
A138: 439334 | D138: 42549 | E138: BEHAVIORAL MEASURES & FORENSIC | F138: 1850 | R138: BLANKET PURCHASE ORDER | S138: PRE-EMPLOYMENT EXAM | T138: SHERIFF'S OFFICE | U138: JAIL OPS-ADMIN | V138: BLANKET PURCHASE ORDER
K141: =SUM(hList_Frame_1!B94:B95) -> 1850
A143: 438437 | D143: 42528 | E143: MCCURDY, DAVID | F143: 112.65 | S143: TRAVEL REIMBURSEMENT | T143: INFORMATION TECHNOLOGY | U143: IT-ADMIN
N146: =SUM(hList_Frame_1!B96:B97) -> 112.65
A148: 438438 | D148: 42528 | E148: QUILLIN, KIM | F148: 1017 | S148: TRAVEL ADVANCES
K150: =SUM(hList_Frame_1!B98:B98) -> 1017
A152: 438815 | D152: 42535 | E152: TX COURT REPORTERS ASSOCIATION | F152: 325 | R152: MISCELLANEOUS SERVICES | S152: EDUCATION & CONFERENCE | T152: DISTRICT COURTS | U152: 219TH DC-ADMIN | V152: MISCELLANEOUS SERVICES
A153: 438816 | D153: 42535 | F153: 375 | R153: MISCELLANEOUS SERVICES | S153: EDUCATION & CONFERENCE | T153: DISTRICT COURTS | U153: 470TH DC-ADMIN | V153: MISCELLANEOUS SERVICES
M155: =SUM(hList_Frame_1!B99:B100) -> 700
A157: 438443 | D157: 42528 | E157: OFFICE DEPOT | F157: 1868.56 | R157: BLANKET PURCHASE ORDER | S157: OFFICE SUPPLIES | T157: TAX ASSESSOR/COLLECTOR | U157: TAX A/C - ADMIN | V157: BLANKET PURCHASE ORDER
F170: 757.02 | R170: IR:PRINTER/PLOTTER/ACCESS | S170: CENTRAL SUPPLY | V170: IR:PRINTER/PLOTTER/ACCESS
F172: 3184.72 | R172: OFFICE SUPPLIES (GENERAL) | S172: OFFICE SUPPLIES | T172: ADMINISTRATIVE SERVICES | U172: ADMINISTRATIVE SERV-ADMIN | V172: OFFICE SUPPLIES (GENERAL)
T174: ANIMAL SHELTER | U174: ANIMAL SHELTER-ADMIN
T176: CONSTABLES | U176: C3-ADMIN
T177: COUNTY CLERK | U177: COUNTY CLERK-ADMIN
U181: PROBATE/MENTAL CLERKS
T182: COUNTY COURTS | U182: CCL2-ADMIN
T183: DEVELOPMENT SERVICES | U183: DEV SERV-ADMIN
T184: DISTRICT ATTORNEY | U184: DA-ADMIN
T185: DISTRICT CLERK | U185: DIST CLERK-ADMIN
U188: PASSPORT
...

Sheet hList_Frame_1
A1: =IF(ISBLANK('June 2016'!A2),"",IF(ISTEXT('June 2016'!A2),0,'June 2016'!A2)) -> 438802 | B1: =IF(ISBLANK('June 2016'!F2),"",IF(ISTEXT('June 2016'!F2),0,'June 2016'!F2)) -> 764.1
A2: =IF(ISBLANK('June 2016'!A3),"",IF(ISTEXT('June 2016'!A3),0,'June 2016'!A3)) | B2: =IF(ISBLANK('June 2016'!F3),"",IF(ISTEXT('June 2016'!F3),0,'June 2016'!F3))
A3: =IF(ISBLANK('June 2016'!A4),"",IF(ISTEXT('June 2016'!A4),0,'June 2016'!A4)) | B3: =IF(ISBLANK('June 2016'!F4),"",IF(ISTEXT('June 2016'!F4),0,'June 2016'!F4))
A4: =IF(ISBLANK('June 2016'!A5),"",IF(ISTEXT('June 2016'!A5),0,'June 2016'!A5)) | B4: =IF(ISBLANK('June 2016'!F5),"",IF(ISTEXT('June 2016'!F5),0,'June 2016'!F5))
A5: =IF(ISBLANK('June 2016'!A6),"",IF(ISTEXT('June 2016'!A6),0,'June 2016'!A6)) | B5: =IF(ISBLANK('June 2016'!F6),"",IF(ISTEXT('June 2016'!F6),0,'June 2016'!F6))
A6: =IF(ISBLANK('June 2016'!A7),"",IF(ISTEXT('June 2016'!A7),0,'June 2016'!A7)) | B6: =IF(ISBLANK('June 2016'!F7),"",IF(ISTEXT('June 2016'!F7),0,'June 2016'!F7))
A7: =IF(ISBLANK('June 2016'!A8),"",IF(ISTEXT('June 2016'!A8),0,'June 2016'!A8)) | B7: =IF(ISBLANK('June 2016'!F8),"",IF(ISTEXT('June 2016'!F8),0,'June 2016'!F8)) -> -236.52
A8: =IF(ISBLANK('June 2016'!A9),"",IF(ISTEXT('June 2016'!A9),0,'June 2016'!A9)) | B8: =IF(ISBLANK('June 2016'!F9),"",IF(ISTEXT('June 2016'!F9),0,'June 2016'!F9)) -> -236.52
A9: =IF(ISBLANK('June 2016'!A10),"",IF(ISTEXT('June 2016'!A10),0,'June 2016'!A10)) | B9: =IF(ISBLANK('June 2016'!F10),"",IF(ISTEXT('June 2016'!F10),0,'June 2016'!F10)) -> -28.6
A10: =IF(ISBLANK('June 2016'!A11),"",IF(ISTEXT('June 2016'!A11),0,'June 2016'!A11)) -> 439320 | B10: =IF(ISBLANK('June 2016'!F11),"",IF(ISTEXT('June 2016'!F11),0,'June 2016'!F11)) -> 1493.93
A11: =IF(ISBLANK('June 2016'!A12),"",IF(ISTEXT('June 2016'!A12),0,'June 2016'!A12)) | B11: =IF(ISBLANK('June 2016'!F12),"",IF(ISTEXT('June 2016'!F12),0,'June 2016'!F12))
A12: =IF(ISBLANK('June 2016'!A13),"",IF(ISTEXT('June 2016'!A13),0,'June 2016'!A13)) | B12: =IF(ISBLANK('June 2016'!F13),"",IF(ISTEXT('June 2016'!F13),0,'June 2016'!F13))
... A18: =IF(ISBLANK('June 2016'!A19),"",IF(ISTEXT('June 2016'!A19),0,'June 2016'!A19)) | B18: =IF(ISBLANK('June 2016'!F19),"",IF(ISTEXT('June 2016'!F19),0,'June 2016'!F19)) -> -28.72
A19: =IF(ISBLANK('June 2016'!A23),"",IF(ISTEXT('June 2016'!A23),0,'June 2016'!A23)) -> 438429 | B19: =IF(ISBLANK('June 2016'!F23),"",IF(ISTEXT('June 2016'!F23),0,'June 2016'!F23)) -> 612.27
A20: =IF(ISBLANK('June 2016'!A24),"",IF(ISTEXT('June 2016'!A24),0,'June 2016'!A24)) -> 438803 | B20: =IF(ISBLANK('June 2016'!F24),"",IF(ISTEXT('June 2016'!F24),0,'June 2016'!F24)) -> 7628.64
A21: =IF(ISBLANK('June 2016'!A25),"",IF(ISTEXT('June 2016'!A25),0,'June 2016'!A25)) | B21: =IF(ISBLANK('June 2016'!F25),"",IF(ISTEXT('June 2016'!F25),0,'June 2016'!F25))
A22: =IF(ISBLANK('June 2016'!A26),"",IF(ISTEXT('June 2016'!A26),0,'June 2016'!A26)) | B22: =IF(ISBLANK('June 2016'!F26),"",IF(ISTEXT('June 2016'!F26),0,'June 2016'!F26))
A23: =IF(ISBLANK('June 2016'!A27),"",IF(ISTEXT('June 2016'!A27),0,'June 2016'!A27)) -> 439321 | B23: =IF(ISBLANK('June 2016'!F27),"",IF(ISTEXT('June 2016'!F27),0,'June 2016'!F27)) -> 228
A24: =IF(ISBLANK('June 2016'!A28),"",IF(ISTEXT('June 2016'!A28),0,'June 2016'!A28)) | B24: =IF(ISBLANK('June 2016'!F28),"",IF(ISTEXT('June 2016'!F28),0,'June 2016'!F28)) -> 495.36
A25: =IF(ISBLANK('June 2016'!A32),"",IF(ISTEXT('June 2016'!A32),0,'June 2016'!A32)) -> 438804 | B25: =IF(ISBLANK('June 2016'!F32),"",IF(ISTEXT('June 2016'!F32),0,'June 2016'!F32)) -> 566.4
A26: =IF(ISBLANK('June 2016'!A36),"",IF(ISTEXT('June 2016'!A36),0,'June 2016'!A36)) -> 439322 | B26: =IF(ISBLANK('June 2016'!F36),"",IF(ISTEXT('June 2016'!F36),0,'June 2016'!F36)) -> 113.43
A27: =IF(ISBLANK('June 2016'!A41),"",IF(ISTEXT('June 2016'!A41),0,'June 2016'!A41)) -> 438430 | B27: =IF(ISBLANK('June 2016'!F41),"",IF(ISTEXT('June 2016'!F41),0,'June 2016'!F41)) -> 450
A28: =IF(ISBLANK('June 2016'!A45),"",IF(ISTEXT('June 2016'!A45),0,'June 2016'!A45)) -> 438805 | B28: =IF(ISBLANK('June 2016'!F45),"",IF(ISTEXT('June 2016'!F45),0,'June 2016'!F45)) -> 36
A29: =IF(ISBLANK('June 2016'!A46),"",IF(ISTEXT('June 2016'!A46),0,'June 2016'!A46)) -> 439323 | B29: =IF(ISBLANK('June 2016'!F46),"",IF(ISTEXT('June 2016'!F46),0,'June 2016'!F46)) -> 5859
A30: =IF(ISBLANK('June 2016'!A47),"",IF(ISTEXT('June 2016'!A47),0,'June 2016'!A47)) | B30: =IF(ISBLANK('June 2016'!F47),"",IF(ISTEXT('June 2016'!F47),0,'June 2016'!F47)) -> 90
A31: =IF(ISBLANK('June 2016'!A51),"",IF(ISTEXT('June 2016'!A51),0,'June 2016'!A51)) -> 438806 | B31: =IF(ISBLANK('June 2016'!F51),"",IF(ISTEXT('June 2016'!F51),0,'June 2016'!F51)) -> 171.8
A32: =IF(ISBLANK('June 2016'!A52),"",IF(ISTEXT('June 2016'!A52),0,'June 2016'!A52)) | B32: =IF(ISBLANK('June 2016'!F52),"",IF(ISTEXT('June 2016'!F52),0,'June 2016'!F52))
A33: =IF(ISBLANK('June 2016'!A53),"",IF(ISTEXT('June 2016'!A53),0,'June 2016'!A53)) | B33: =IF(ISBLANK('June 2016'!F53),"",IF(ISTEXT('June 2016'!F53),0,'June 2016'!F53))
A34: =IF(ISBLANK('June 2016'!A54),"",IF(ISTEXT('June 2016'!A54),0,'June 2016'!A54)) | B34: =IF(ISBLANK('June 2016'!F54),"",IF(ISTEXT('June 2016'!F54),0,'June 2016'!F54)) -> -5
A35: =IF(ISBLANK('June 2016'!A55),"",IF(ISTEXT('June 2016'!A55),0,'June 2016'!A55)) | B35: =IF(ISBLANK('June 2016'!F55),"",IF(ISTEXT('June 2016'!F55),0,'June 2016'!F55)) -> 5
A36: =IF(ISBLANK('June 2016'!A56),"",IF(ISTEXT('June 2016'!A56),0,'June 2016'!A56)) -> 439324 | B36: =IF(ISBLANK('June 2016'!F56),"",IF(ISTEXT('June 2016'!F56),0,'June 2016'!F56)) -> 1654.3
A37: =IF(ISBLANK('June 2016'!A60),"",IF(ISTEXT('June 2016'!A60),0,'June 2016'!A60)) -> 438431 | B37: =IF(ISBLANK('June 2016'!F60),"",IF(ISTEXT('June 2016'!F60),0,'June 2016'!F60)) -> 131
A38: =IF(ISBLANK('June 2016'!A61),"",IF(ISTEXT('June 2016'!A61),0,'June 2016'!A61)) -> 438432 | B38: =IF(ISBLANK('June 2016'!F61),"",IF(ISTEXT('June 2016'!F61),0,'June 2016'!F61)) -> 125
A39: =IF(ISBLANK('June 2016'!A62),"",IF(ISTEXT('June 2016'!A62),0,'June 2016'!A62)) -> 438433 | B39: =IF(ISBLANK('June 2016'!F62),"",IF(ISTEXT('June 2016'!F62),0,'June 2016'!F62)) -> 45
A40: =IF(ISBLANK('June 2016'!A63),"",IF(ISTEXT('June 2016'!A63),0,'June 2016'!A63)) -> 438807 | B40: =IF(ISBLANK('June 2016'!F63),"",IF(ISTEXT('June 2016'!F63),0,'June 2016'!F63)) -> 3091.04
A41: =IF(ISBLANK('June 2016'!A64),"",IF(ISTEXT('June 2016'!A64),0,'June 2016'!A64)) -> 438808 | B41: =IF(ISBLANK('June 2016'!F64),"",IF(ISTEXT('June 2016'!F64),0,'June 2016'!F64)) -> 11853.96
A42: =IF(ISBLANK('June 2016'!A65),"",IF(ISTEXT('June 2016'!A65),0,'June 2016'!A65)) -> 438809 | B42: =IF(ISBLANK('June 2016'!F65),"",IF(ISTEXT('June 2016'!F65),0,'June 2016'!F65)) -> 4988.24
A43: =IF(ISBLANK('June 2016'!A66),"",IF(ISTEXT('June 2016'!A66),0,'June 2016'!A66)) -> 438810 | B43: =IF(ISBLANK('June 2016'!F66),"",IF(ISTEXT('June 2016'!F66),0,'June 2016'!F66)) -> 30.93
A44: =IF(ISBLANK('June 2016'!A67),"",IF(ISTEXT('June 2016'!A67),0,'June 2016'!A67)) -> 438811 | B44: =IF(ISBLANK('June 2016'!F67),"",IF(ISTEXT('June 2016'!F67),0,'June 2016'!F67)) -> 90
A45: =IF(ISBLANK('June 2016'!A68),"",IF(ISTEXT('June 2016'!A68),0,'June 2016'!A68)) | B45: =IF(ISBLANK('June 2016'!F68),"",IF(ISTEXT('June 2016'!F68),0,'June 2016'!F68))
A46: =IF(ISBLANK('June 2016'!A69),"",IF(ISTEXT('June 2016'!A69),0,'June 2016'!A69)) -> 439325 | B46: =IF(ISBLANK('June 2016'!F69),"",IF(ISTEXT('June 2016'!F69),0,'June 2016'!F69)) -> 58
A47: =IF(ISBLANK('June 2016'!A70),"",IF(ISTEXT('June 2016'!A70),0,'June 2016'!A70)) -> 439326 | B47: =IF(ISBLANK('June 2016'!F70),"",IF(ISTEXT('June 2016'!F70),0,'June 2016'!F70)) -> 103
A48: =IF(ISBLANK('June 2016'!A71),"",IF(ISTEXT('June 2016'!A71),0,'June 2016'!A71)) | B48: =IF(ISBLANK('June 2016'!F71),"",IF(ISTEXT('June 2016'!F71),0,'June 2016'!F71))
A49: =IF(ISBLANK('June 2016'!A75),"",IF(ISTEXT('June 2016'!A75),0,'June 2016'!A75)) -> 438812 | B49: =IF(ISBLANK('June 2016'!F75),"",IF(ISTEXT('June 2016'!F75),0,'June 2016'!F75)) -> 300.26
A50: =IF(ISBLANK('June 2016'!A76),"",IF(ISTEXT('June 2016'!A76),0,'June 2016'!A76)) | B50: =IF(ISBLANK('June 2016'!F76),"",IF(ISTEXT('June 2016'!F76),0,'June 2016'!F76))
A51: =IF(ISBLANK('June 2016'!A77),"",IF(ISTEXT('June 2016'!A77),0,'June 2016'!A77)) -> 439327 | B51: =IF(ISBLANK('June 2016'!F77),"",IF(ISTEXT('June 2016'!F77),0,'June 2016'!F77)) -> 536.3
A52: =IF(ISBLANK('June 2016'!A78),"",IF(ISTEXT('June 2016'!A78),0,'June 2016'!A78)) | B52: =IF(ISBLANK('June 2016'!F78),"",IF(ISTEXT('June 2016'!F78),0,'June 2016'!F78))
A53: =IF(ISBLANK('June 2016'!A82),"",IF(ISTEXT('June 2016'!A82),0,'June 2016'!A82)) -> 438434 | B53: =IF(ISBLANK('June 2016'!F82),"",IF(ISTEXT('June 2016'!F82),0,'June 2016'!F82)) -> 39.98
A54: =IF(ISBLANK('June 2016'!A83),"",IF(ISTEXT('June 2016'!A83),0,'June 2016'!A83)) | B54: =IF(ISBLANK('June 2016'!F83),"",IF(ISTEXT('June 2016'!F83),0,'June 2016'!F83))
A55: =IF(ISBLANK('June 2016'!A84),"",IF(ISTEXT('June 2016'!A84),0,'June 2016'!A84)) -> 439328 | B55: =IF(ISBLANK('June 2016'!F84),"",IF(ISTEXT('June 2016'!F84),0,'June 2016'!F84)) -> 147.95
A56: =IF(ISBLANK('June 2016'!A85),"",IF(ISTEXT('June 2016'!A85),0,'June 2016'!A85)) | B56: =IF(ISBLANK('June 2016'!F85),"",IF(ISTEXT('June 2016'!F85),0,'June 2016'!F85))
A57: =IF(ISBLANK('June 2016'!A89),"",IF(ISTEXT('June 2016'!A89),0,'June 2016'!A89)) -> 438435 | B57: =IF(ISBLANK('June 2016'!F89),"",IF(ISTEXT('June 2016'!F89),0,'June 2016'!F89)) -> 3076.42
A58: =IF(ISBLANK('June 2016'!A90),"",IF(ISTEXT('June 2016'!A90),0,'June 2016'!A90)) | B58: =IF(ISBLANK('June 2016'!F90),"",IF(ISTEXT('June 2016'!F90),0,'June 2016'!F90))
A59: =IF(ISBLANK('June 2016'!A91),"",IF(ISTEXT('June 2016'!A91),0,'June 2016'!A91)) | B59: =IF(ISBLANK('June 2016'!F91),"",IF(ISTEXT('June 2016'!F91),0,'June 2016'!F91)) -> 2109.45
A60: =IF(ISBLANK('June 2016'!A92),"",IF(ISTEXT('June 2016'!A92),0,'June 2016'!A92)) | B60: =IF(ISBLANK('June 2016'!F92),"",IF(ISTEXT('June 2016'!F92),0,'June 2016'!F92))
A61: =IF(ISBLANK('June 2016'!A93),"",IF(ISTEXT('June 2016'!A93),0,'June 2016'!A93)) | B61: =IF(ISBLANK('June 2016'!F93),"",IF(ISTEXT('June 2016'!F93),0,'June 2016'!F93)) -> 1081.35
A62: =IF(ISBLANK('June 2016'!A94),"",IF(ISTEXT('June 2016'!A94),0,'June 2016'!A94)) | B62: =IF(ISBLANK('June 2016'!F94),"",IF(ISTEXT('June 2016'!F94),0,'June 2016'!F94))
A63: =IF(ISBLANK('June 2016'!A95),"",IF(ISTEXT('June 2016'!A95),0,'June 2016'!A95)) -> 438813 | B63: =IF(ISBLANK('June 2016'!F95),"",IF(ISTEXT('June 2016'!F95),0,'June 2016'!F95)) -> 2719.72
A64: =IF(ISBLANK('June 2016'!A96),"",IF(ISTEXT('June 2016'!A96),0,'June 2016'!A96)) | B64: =IF(ISBLANK('June 2016'!F96),"",IF(ISTEXT('June 2016'!F96),0,'June 2016'!F96))
A65: =IF(ISBLANK('June 2016'!A97),"",IF(ISTEXT('June 2016'!A97),0,'June 2016'!A97)) | B65: =IF(ISBLANK('June 2016'!F97),"",IF(ISTEXT('June 2016'!F97),0,'June 2016'!F97)) -> 2241.64
A66: =IF(ISBLANK('June 2016'!A98),"",IF(ISTEXT('June 2016'!A98),0,'June 2016'!A98)) | B66: =IF(ISBLANK('June 2016'!F98),"",IF(ISTEXT('June 2016'!F98),0,'June 2016'!F98))
A67: =IF(ISBLANK('June 2016'!A99),"",IF(ISTEXT('June 2016'!A99),0,'June 2016'!A99)) | B67: =IF(ISBLANK('June 2016'!F99),"",IF(ISTEXT('June 2016'!F99),0,'June 2016'!F99)) -> 1597.66
A68: =IF(ISBLANK('June 2016'!A100),"",IF(ISTEXT('June 2016'!A100),0,'June 2016'!A100)) | B68: =IF(ISBLANK('June 2016'!F100),"",IF(ISTEXT('June 2016'!F100),0,'June 2016'!F100))
... A85: =IF(ISBLANK('June 2016'!A117),"",IF(ISTEXT('June 2016'!A117),0,'June 2016'!A117)) | B85: =IF(ISBLANK('June 2016'!F117),"",IF(ISTEXT('June 2016'!F117),0,'June 2016'!F117))
A86: =IF(ISBLANK('June 2016'!A121),"",IF(ISTEXT('June 2016'!A121),0,'June 2016'!A121)) -> 438814 | B86: =IF(ISBLANK('June 2016'!F121),"",IF(ISTEXT('June 2016'!F121),0,'June 2016'!F121)) -> 1097.7
A87: =IF(ISBLANK('June 2016'!A122),"",IF(ISTEXT('June 2016'!A122),0,'June 2016'!A122)) -> 439331 | B87: =IF(ISBLANK('June 2016'!F122),"",IF(ISTEXT('June 2016'!F122),0,'June 2016'!F122)) -> 529
A88: =IF(ISBLANK('June 2016'!A126),"",IF(ISTEXT('June 2016'!A126),0,'June 2016'!A126)) -> 439332 | B88: =IF(ISBLANK('June 2016'!F126),"",IF(ISTEXT('June 2016'!F126),0,'June 2016'!F126)) -> 96.45
A89: =IF(ISBLANK('June 2016'!A130),"",IF(ISTEXT('June 2016'!A130),0,'June 2016'!A130)) -> 438436 | B89: =IF(ISBLANK('June 2016'!F130),"",IF(ISTEXT('June 2016'!F130),0,'June 2016'!F130)) -> 14.71
A90: =IF(ISBLANK('June 2016'!A131),"",IF(ISTEXT('June 2016'!A131),0,'June 2016'!A131)) -> 439333 | B90: =IF(ISBLANK('June 2016'!F131),"",IF(ISTEXT('June 2016'!F131),0,'June 2016'!F131)) -> 284
A91: =IF(ISBLANK('June 2016'!A132),"",IF(ISTEXT('June 2016'!A132),0,'June 2016'!A132)) | B91: =IF(ISBLANK('June 2016'!F132),"",IF(ISTEXT('June 2016'!F132),0,'June 2016'!F132))
A92: =IF(ISBLANK('June 2016'!A133),"",IF(ISTEXT('June 2016'!A133),0,'June 2016'!A133)) | B92: =IF(ISBLANK('June 2016'!F133),"",IF(ISTEXT('June 2016'!F133),0,'June 2016'!F133))
A93: =IF(ISBLANK('June 2016'!A134),"",IF(ISTEXT('June 2016'!A134),0,'June 2016'!A134)) | B93: =IF(ISBLANK('June 2016'!F134),"",IF(ISTEXT('June 2016'!F134),0,'June 2016'!F134))
A94: =IF(ISBLANK('June 2016'!A138),"",IF(ISTEXT('June 2016'!A138),0,'June 2016'!A138)) -> 439334 | B94: =IF(ISBLANK('June 2016'!F138),"",IF(ISTEXT('June 2016'!F138),0,'June 2016'!F138)) -> 1850
A95: =IF(ISBLANK('June 2016'!A139),"",IF(ISTEXT('June 2016'!A139),0,'June 2016'!A139)) | B95: =IF(ISBLANK('June 2016'!F139),"",IF(ISTEXT('June 2016'!F139),0,'June 2016'!F139))
A96: =IF(ISBLANK('June 2016'!A143),"",IF(ISTEXT('June 2016'!A143),0,'June 2016'!A143)) -> 438437 | B96: =IF(ISBLANK('June 2016'!F143),"",IF(ISTEXT('June 2016'!F143),0,'June 2016'!F143)) -> 112.65
A97: =IF(ISBLANK('June 2016'!A144),"",IF(ISTEXT('June 2016'!A144),0,'June 2016'!A144)) | B97: =IF(ISBLANK('June 2016'!F144),"",IF(ISTEXT('June 2016'!F144),0,'June 2016'!F144))
A98: =IF(ISBLANK('June 2016'!A148),"",IF(ISTEXT('June 2016'!A148),0,'June 2016'!A148)) -> 438438 | B98: =IF(ISBLANK('June 2016'!F148),"",IF(ISTEXT('June 2016'!F148),0,'June 2016'!F148)) -> 1017
A99: =IF(ISBLANK('June 2016'!A152),"",IF(ISTEXT('June 2016'!A152),0,'June 2016'!A152)) -> 438815 | B99: =IF(ISBLANK('June 2016'!F152),"",IF(ISTEXT('June 2016'!F152),0,'June 2016'!F152)) -> 325
A100: =IF(ISBLANK('June 2016'!A153),"",IF(ISTEXT('June 2016'!A153),0,'June 2016'!A153)) -> 438816 | B100: =IF(ISBLANK('June 2016'!F153),"",IF(ISTEXT('June 2016'!F153),0,'June 2016'!F153)) -> 375
A101: =IF(ISBLANK('June 2016'!A157),"",IF(ISTEXT('June 2016'!A157),0,'June 2016'!A157)) -> 438443 | B101: =IF(ISBLANK('June 2016'!F157),"",IF(ISTEXT('June 2016'!F157),0,'June 2016'!F157)) -> 1868.56
A102: =IF(ISBLANK('June 2016'!A158),"",IF(ISTEXT('June 2016'!A158),0,'June 2016'!A158)) | B102: =IF(ISBLANK('June 2016'!F158),"",IF(ISTEXT('June 2016'!F158),0,'June 2016'!F158))
A103: =IF(ISBLANK('June 2016'!A159),"",IF(ISTEXT('June 2016'!A159),0,'June 2016'!A159)) | B103: =IF(ISBLANK('June 2016'!F159),"",IF(ISTEXT('June 2016'!F159),0,'June 2016'!F159))
A104: =IF(ISBLANK('June 2016'!A160),"",IF(ISTEXT('June 2016'!A160),0,'June 2016'!A160)) | B104: =IF(ISBLANK('June 2016'!F160),"",IF(ISTEXT('June 2016'!F160),0,'June 2016'!F160))
A105: =IF(ISBLANK('June 2016'!A161),"",IF(ISTEXT('June 2016'!A161),0,'June 2016'!A161)) | B105: =IF(ISBLANK('June 2016'!F161),"",IF(ISTEXT('June 2016'!F161),0,'June 2016'!F161))
A106: =IF(ISBLANK('June 2016'!A162),"",IF(ISTEXT('June 2016'!A162),0,'June 2016'!A162)) | B106: =IF(ISBLANK('June 2016'!F162),"",IF(ISTEXT('June 2016'!F162),0,'June 2016'!F162))
A107: =IF(ISBLANK('June 2016'!A163),"",IF(ISTEXT('June 2016'!A163),0,'June 2016'!A163)) | B107: =IF(ISBLANK('June 2016'!F163),"",IF(ISTEXT('June 2016'!F163),0,'June 2016'!F163))
A108: =IF(ISBLANK('June 2016'!A164),"",IF(ISTEXT('June 2016'!A164),0,'June 2016'!A164)) | B108: =IF(ISBLANK('June 2016'!F164),"",IF(ISTEXT('June 2016'!F164),0,'June 2016'!F164))
A109: =IF(ISBLANK('June 2016'!A165),"",IF(ISTEXT('June 2016'!A165),0,'June 2016'!A165)) | B109: =IF(ISBLANK('June 2016'!F165),"",IF(ISTEXT('June 2016'!F165),0,'June 2016'!F165))
A110: =IF(ISBLANK('June 2016'!A166),"",IF(ISTEXT('June 2016'!A166),0,'June 2016'!A166)) | B110: =IF(ISBLANK('June 2016'!F166),"",IF(ISTEXT('June 2016'!F166),0,'June 2016'!F166))
A111: =IF(ISBLANK('June 2016'!A167),"",IF(ISTEXT('June 2016'!A167),0,'June 2016'!A167)) | B111: =IF(ISBLANK('June 2016'!F167),"",IF(ISTEXT('June 2016'!F167),0,'June 2016'!F167))
A112: =IF(ISBLANK('June 2016'!A168),"",IF(ISTEXT('June 2016'!A168),0,'June 2016'!A168)) | B112: =IF(ISBLANK('June 2016'!F168),"",IF(ISTEXT('June 2016'!F168),0,'June 2016'!F168))
... A325: =IF(ISBLANK('June 2016'!A381),"",IF(ISTEXT('June 2016'!A381),0,'June 2016'!A381)) | B325: =IF(ISBLANK('June 2016'!F381),"",IF(ISTEXT('June 2016'!F381),0,'June 2016'!F381))
A326: =IF(ISBLANK('June 2016'!A385),"",IF(ISTEXT('June 2016'!A385),0,'June 2016'!A385)) -> 438822 | B326: =IF(ISBLANK('June 2016'!F385),"",IF(ISTEXT('June 2016'!F385),0,'June 2016'!F385)) -> 40.5
A327: =IF(ISBLANK('June 2016'!A389),"",IF(ISTEXT('June 2016'!A389),0,'June 2016'!A389)) -> 438445 | B327: =IF(ISBLANK('June 2016'!F389),"",IF(ISTEXT('June 2016'!F389),0,'June 2016'!F389)) -> -62.37
A328: =IF(ISBLANK('June 2016'!A390),"",IF(ISTEXT('June 2016'!A390),0,'June 2016'!A390)) | B328: =IF(ISBLANK('June 2016'!F390),"",IF(ISTEXT('June 2016'!F390),0,'June 2016'!F390)) -> 2629.55
A329: =IF(ISBLANK('June 2016'!A391),"",IF(ISTEXT('June 2016'!A391),0,'June 2016'!A391)) | B329: =IF(ISBLANK('June 2016'!F391),"",IF(ISTEXT('June 2016'!F391),0,'June 2016'!F391))
A330: =IF(ISBLANK('June 2016'!A392),"",IF(ISTEXT('June 2016'!A392),0,'June 2016'!A392)) -> 438823 | B330: =IF(ISBLANK('June 2016'!F392),"",IF(ISTEXT('June 2016'!F392),0,'June 2016'!F392)) -> 157.95
A331: =IF(ISBLANK('June 2016'!A393),"",IF(ISTEXT('June 2016'!A393),0,'June 2016'!A393)) | B331: =IF(ISBLANK('June 2016'!F393),"",IF(ISTEXT('June 2016'!F393),0,'June 2016'!F393))
A332: =IF(ISBLANK('June 2016'!A394),"",IF(ISTEXT('June 2016'!A394),0,'June 2016'!A394)) | B332: =IF(ISBLANK('June 2016'!F394),"",IF(ISTEXT('June 2016'!F394),0,'June 2016'!F394))
A333: =IF(ISBLANK('June 2016'!A398),"",IF(ISTEXT('June 2016'!A398),0,'June 2016'!A398)) -> 439344 | B333: =IF(ISBLANK('June 2016'!F398),"",IF(ISTEXT('June 2016'!F398),0,'June 2016'!F398)) -> 7159.49
...
